 Dungeon Crawl Stone Soup version 0.25-a0-1133-g93ebf73 (webtiles) character file.

Game seed: 3910837162825561783, levelgen mode: deterministic

30 thirtiethelement the Skirmisher (level 3, 0/30 HPs)
             Began as a Demonspawn Abyssal Knight on May 21, 2020.
             Was a Follower of Lugonu.
             Slain by a goblin
             ... wielding a cursed +0 club
             ... led by Robin
              (2 damage)
             ... on level 2 of the Dungeon.
             The game lasted 00:04:19 (1275 turns).

thirtiethelement the Skirmisher (DsAK)              Turns: 1275, Time: 00:04:19

Health: 0/30       AC:  3    Str: 13    XL:     3   Next: 5%
Magic:  0/4        EV: 11    Int: 13    God:    Lugonu [*.....]
Gold:   17         SH:  0    Dex: 12    Spells: 2/2 levels left

rFire    . . .     SeeInvis .   a - +1 falchion
rCold    . . .     Gourm    .   (no shield)
rNeg     . . .     Faith    .   b - +0 leather armour
rPois    .         Spirit   +   (no helmet)
rElec    .         Reflect  .   (no cloak)
rCorr    .         Harm     .   (no gloves)
MR       .....                  (no boots)
Stlth    ++........             (no amulet)
HPRegen  0.10/turn              f - ring of stealth
MPRegen  0.18/turn              (no ring)

@: no status effects
A: magic shield, magic regeneration
a: Depart the Abyss, Renounce Religion


You were on level 2 of the Dungeon.
You worshipped Lugonu.
Lugonu was aware of your devotion.
You were not hungry.

You visited 1 branch of the dungeon, and saw 2 of its levels.
You visited the Abyss 1 time.

You collected 17 gold pieces.

Inventory:

Hand Weapons
 a - a +1 falchion (weapon)
Armour
 b - a +0 leather armour (worn)
Jewellery
 f - a ring of stealth (left hand)
Wands
 g - a wand of paralysis (11)
Scrolls
 d - a scroll of magic mapping {unknown}
 e - 2 scrolls of identify {unknown}
 h - a scroll of fog {unknown}
 j - a scroll of teleportation {unknown}
 k - a scroll of random uselessness {unknown}
 m - a scroll of enchant armour {unknown}
 n - a scroll of blinking {unknown}
Potions
 i - a potion of flight {unknown}
 l - a potion of heal wounds {unknown}
Comestibles
 c - a ration


   Skills:
 + Level 3.7 Fighting
 + Level 2.3 Long Blades
 + Level 1.8 Armour
 + Level 0.8 Dodging
 + Level 0.2 Stealth
 + Level 2.4 Invocations


You had 2 spell levels left.
You didn't know any spells.
Your spell library was empty.

Dungeon Overview and Level Annotations

Branches:
Dungeon (2/15)

Altars:

Annotations:
D:2 Robin


Innate Abilities, Weirdness & Mutations

When hurt, damage is shared between your health and your magic reserves.
You regenerate magic rapidly.


Message History

The goblin closely misses you. The goblin hits you but does no damage.
A goblin comes into view. It is wielding a +0 club.
Robin throws the goblin at you!
You hit the goblin.
The goblin is severely wounded.
The goblin hits you but does no damage. The goblin closely misses you.
You riposte.
You barely miss the goblin. The goblin hits you but does no damage.
The goblin closely misses you.
You riposte.
You completely miss the goblin. The goblin closely misses you.
The goblin hits you with a cursed +0 club.
* * * LOW HITPOINT WARNING * * *
You hit the goblin.
You kill the goblin!
Lugonu accepts your kill. Robin throws the goblin at you!
* * * LOW HITPOINT WARNING * * *
The goblin hits you.
* * * LOW HITPOINT WARNING * * *
The goblin hits you with a cursed +0 club.
You die...

......# #### ...... ....
..#.# ...
####.#.###########.#
.....#.............#.#..
...............gg.......
.........gg.g...g###.#
####....########g# .#
#....# ####@###+#.#
......g# #...gg.....#
......g.# #..........#
.......g# #..^.......#
####.ggg# #..........#
#..gg. #..........#
#....g #..........#
#...........
#..........#


You could see Robin, 3 hobgoblins and 2 goblins.

Vanquished Creatures
  A dart slug (D:1)
  2 giant cockroaches (D:1)
  7 goblins
  6 hobgoblins
  2 bats (D:1)
  4 kobolds (D:1)
  3 rats (D:1)
25 creatures vanquished.

Notes
Turn   | Place    | Note
-------+----------+-------------------------------------------
     0 | Abyss:1  | thirtiethelement the Demonspawn Abyssal Knight began the
                  | quest for the Orb.
     0 | Abyss:1  | Reached XP level 1. HP: 18/18 MP: 2/2
    11 | Abyss:2  | Noticed a starcursed mass
    29 | D:1      | Escaped the Abyss
   428 | D:1      | Reached * piety under Lugonu
   428 | D:1      | Gained mutation: When hurt, damage is shared between your
                  | health and your magic reserves. [demonic ancestry]
   428 | D:1      | Reached XP level 2. HP: 11/24 MP: 3/3
  1246 | D:2      | Noticed Robin
  1270 | D:2      | Gained mutation: You regenerate magic rapidly. [demonic
                  | ancestry]
  1270 | D:2      | Reached XP level 3. HP: 24/30 MP: 2/4
  1275 | D:2      | Slain by a goblin

Illustrated notes

Levels and vault maps discovered:
D:1:      scummos_arrival_hexagon, layout_basic
D:2:      layout_basic, uniq_robin, uniq_natasha

Skill      XL: |  1  2 |
---------------+-------+-----
Long Blades    | 2 |  2.3
Fighting       | |  3.7
Armour         | |  1.8
Dodging        | |  0.8
Stealth        | |  0.2
Invocations    | |  2.4

Action                   || total
-------------------------++-------
Melee: Falchion          ||    81
Invok: Depart the Abyss  ||     1
 Stab: Sleeping          ||     1
  Eat: Ration            ||     1
Armor: Leather armour    ||    24
Dodge: Dodged            ||    49
       Rpst.: Falchion   ||    16

Table legend:
 A = Non-vault XP
 B = Vault XP
 C = Vault XP percentage of total XP
 D = Non-vault monster count
 E = Vault monster count
 F = Vault count percentage of total count
                 A         B        C        D         E       F
            +---------+---------+-------+---------+---------+-------
      Total |      33 |      11 |  25.0 |      19 |       6 |  24.0
            +---------+---------+-------+---------+---------+-------
        D:1 |      33 |       0 |   0.0 |      19 |       0 |   0.0
        D:2 |       0 |      11 | 100.0 |       0 |       6 | 100.0
            +---------+---------+-------+---------+---------+-------
